 Dungeon Crawl Stone Soup version 0.31-a0-672-g7da72447bb (webtiles) character file.

Game seed: 14465235529031180308

133 jlumianski the Trooper (level 4, -3/37 HPs)
             Began as a Demonspawn Fighter on Sept 4, 2023.
             Killed from afar by Ijyb (10 damage)
             ... with a puff of flame
             ... on level 3 of the Dungeon on Sept 5, 2023.
             The game lasted 00:06:50 (2485 turns).

jlumianski the Trooper (Demonspawn Fighter)         Turns: 2485, Time: 00:06:51

Health: -3/37      AC:  6    Str: 18    XL:     4   Next: 93%
Magic:  4/4        EV:  9    Int:  9    God:
Gold:   52         SH:  4    Dex: 13    Spells: 3/3 levels left

rFire   . . .        a - +0 war axe
rCold   . . .        c - +0 buckler
rNeg    . . .        b - +0 scale mail
rPois   .            (no helmet)
rElec   .            (no cloak)
rCorr   .            (no gloves)
SInv    .            (no boots)
Will    .....        (no amulet) Stlth
                     (no ring)
HPRegen 0.26/turn    (no ring)
MPRegen 0.09/turn

%: no passive effects
@: no status effects
A: hooves 1, demonic guardian 1
a: no special abilities


You were on level 3 of the Dungeon.
You visited 1 branch of the dungeon, and saw 3 of its levels.

You collected 52 gold pieces.

Inventory:

Hand Weapons
 a - a +0 war axe (weapon)
 k - a +1 spear of freezing
Missiles
 e - 34 stones
Armour
 b - a +0 scale mail (worn)
 c - a +0 buckler (worn)
Magical Staves
 l - a staff of poison
Scrolls
 g - a scroll of amnesia {unknown}
 j - 2 scrolls of teleportation {unknown}
 m - a scroll of fear
Potions
 d - 2 potions of might
 f - a potion of cancellation
 h - a potion of ambrosia
 n - a potion of lignification


   Skills:
 + Level 3.8 Fighting
 + Level 3.0 Axes
 + Level 3.5 Armour
 + Level 0.5 Dodging
 + Level 3.0 Shields


You had 3 spell levels left.
You didn't know any spells.
Your spell library was empty.

Dungeon Overview and Level Annotations

Branches:
Dungeon (3/15)

Altars:

Shops:
D:1 *

Annotations:
D:3 Ijyb


Innate Abilities, Weirdness & Mutations

You have large cloven feet.
A weak demonic guardian rushes to your aid.


Message History

Ijyb shouts!
Ijyb zaps a wand.
The puff of flame hits you.
There is an open door here.
As you close the door, it creaks loudly!
You start resting.
Ijyb the Twisted Goblin opens the door.
She is wielding a +0 club and carrying a wand of flame.
Ijyb zaps a wand.
The puff of flame hits you!
There is an open door here.
You closely miss Ijyb. Your kick misses Ijyb.
Ijyb zaps a wand.
The puff of flame hits you. Ijyb hits you but does no damage.
You closely miss Ijyb. Ijyb hits you with a +0 club.
You hit Ijyb.
Ijyb is lightly wounded.
Ijyb hits you but does no damage.
You hit Ijyb but do no damage. Your kick misses Ijyb.
Ijyb is lightly wounded.
Ijyb closely misses you. x2
You barely miss Ijyb.
Ijyb is lightly wounded.
Ijyb hits you with a +0 club.
You hit Ijyb but do no damage.
Ijyb is lightly wounded.
Ijyb zaps a wand.
The puff of flame hits you.
Ijyb screams, "You nasty!
Big nasty!"
Ijyb hits you with a +0 club.
A demonic guardian appears!
You slash Ijyb!
Ijyb is heavily wounded.
Ijyb screams, "You nasty!
Big nasty!"
You block Ijyb's attack.
You closely miss Ijyb. Your kick misses Ijyb.
Ijyb is heavily wounded.
Ijyb zaps a wand.
The puff of flame hits you!
You hit Ijyb but do no damage. You kick Ijyb, but do no damage.
Ijyb is heavily wounded.
Ijyb misses you. Ijyb hits you with a +0 club.
* * * LOW HITPOINT WARNING * * *
You hit Ijyb. Your kick misses Ijyb.
Ijyb is severely wounded.
Ijyb zaps a wand.
The puff of flame hits you!
You die...

##.....## #.###.###.
##.......## #.#.#.# #.
#.........###.....###.
+.........+...........
#.........###.........
##.......##.......####
##.....###.#.###.#
##.5.## #.#.# #.#
##@## #.#.###.# #g#
#.#.....# #.#
#.#####.# ##.## #.#
#.# ##...## #.#####.#
#.....# #.......#
##...##########.#
##.##.########)#
...####.#.........).#


You could see Ijyb (ally target) and a friendly ufetubus (summoned).

Vanquished Creatures
  An orc wizard (D:3)
  A gnoll (D:2)
  2 adders
  A worm (D:3)
  A dart slug (D:1)
  6 orcs
  4 ball pythons
  4 endoplasms
  3 giant cockroaches (D:1)
  3 goblins
  5 hobgoblins
  2 kobolds (D:1)
  2 quokkas (D:1)
  5 bats
  A frilled lizard (D:2)
  7 rats
48 creatures vanquished.

Vanquished Creatures (collateral kills)
  2 gnolls (D:2)
  An orc (D:2)
3 creatures vanquished.

Grand Total: 51 creatures vanquished

Notes
Turn   | Place    | Note
-------+----------+-------------------------------------------
     0 | D:1      | jlumianski the Demonspawn Fighter began the quest for the
                  | Orb.
     0 | D:1      | Reached XP level 1. HP: 18/18 MP: 1/1
   155 | D:1      | Gained mutation: You have large cloven feet. [demonic
                  | ancestry]
   155 | D:1      | Reached XP level 2. HP: 23/24 MP: 2/2
   266 | D:1      | Found Pofudakh's Assorted Antiques.
   714 | D:1      | Gained mutation: A weak demonic guardian rushes to your
                  | aid. [demonic ancestry]
   714 | D:1      | Reached XP level 3. HP: 29/29 MP: 3/3
  1630 | D:2      | Reached XP level 4. HP: 21/36 MP: 4/4
  2460 | D:3      | Noticed Ijyb
  2485 | D:3      | Killed from afar by Ijyb

Illustrated notes

Levels and vault maps discovered:
D:1:      amcnicky_arrival_choice, layout_basic, serial_shops, shop,
          interstate_on_off, chequers_serial_rivers_large_a
D:2:      layout_basic
D:3:      layout_loops_corners, uniq_ijyb

Skill      XL: |  1  2  3  4 |
---------------+-------------+-----
Shields        | 3 |  3.0
Axes           | 2 3 |  3.0
Armour         | 3 |  3.5
Fighting       | |  3.8
Dodging        | |  0.5

Action                     |  1- 3 |  4- 6 || total
---------------------------+-------+-------++-------
  Melee: War axe           |    99 |    50 ||   149
         Kick              |    15 |     5 ||    20
    Use: Scroll            |       |     5 ||     5
         Potion            |       |     1 ||     1
 Armour: Scale mail        |    88 |    69 ||   157
  Dodge: Dodged            |    57 |    10 ||    67
  Block: Buckler           |    25 |     6 ||    31

Table legend: (Time is in decaauts)
 A = Elapsed time spent in this place.
 B = Non-inter-level travel time spent in this place.
 C = Inter-level travel time spent in this place.
 D = Time resting spent in this place.
 E = Time spent auto-exploring this place.
 F = Levels seen in this place.
 G = Mean time per level.
                   A        B        C        D        E       F      G
               +--------+--------+--------+--------+--------+-----+--------+
         Total |   2562 |   2488 |     74 |    187 |   1434 |   3 |  854.0 |
       Dungeon |   2562 |   2488 |     74 |    187 |   1434 |   3 |  854.0 |
               +--------+--------+--------+--------+--------+-----+--------+

Top non-repeatable levels by time:
     D:2: 1128 daAuts
     D:1: 1030 daAuts
     D:3: 403 daAuts
